 Dungeon Crawl Stone Soup version 0.30.0-11-gf55b779eaf (webtiles) character file.

Game seed: 7820556976547311334

419 Firecrotchwizard the Chopper (level 6, -6/56 HPs)
             Began as a Hill Orc Monk on May 17, 2023.
             Mangled by a black bear (11 damage)
             ... on level 5 of the Dungeon.
             The game lasted 00:04:13 (2264 turns).

Firecrotchwizard the Chopper (Hill Orc Monk)        Turns: 2264, Time: 00:04:14

Health: -6/56      AC:  6    Str: 16    XL:     6   Next: 93%
Magic:  6/6        EV: 10    Int: 10    God:
Gold:   168        SH:  0    Dex: 13    Spells: 5/5 levels left

rFire   . . .        f - +1 hand axe (venom)
rCold   . . .        d - orb {light}
rNeg    + . .        j - +0 scale mail
rPois   .            (no helmet)
rElec   .            (no cloak)
rCorr   .            (no gloves)
SInv    .            (no boots)
Will    .....        (no amulet) Stlth
                     q - ring of positive energy
HPRegen 0.29/turn    (no ring)
MPRegen 0.10/turn

%: no passive effects
@: glowing
A: no striking features
a: no special abilities


You were on level 5 of the Dungeon.
You visited 1 branch of the dungeon, and saw 5 of its levels.

You collected 168 gold pieces.

Inventory:

Hand Weapons
 a - a +0 hand axe
 f - a +1 hand axe of venom (weapon)
Missiles
 o - 3 poisoned darts (quivered)
Armour
 b - a +0 robe
 d - an orb of light (worn)
 j - a +0 scale mail (worn)
 k - a +0 ring mail
Jewellery
 l - a ring of ice
 q - a ring of positive energy (left hand)
Scrolls
 g - a scroll of blinking
 i - a scroll of identify
 s - a scroll of teleportation {unknown}
 t - a scroll of immolation {unknown}
 w - a scroll of amnesia {unknown}
Potions
 c - 2 potions of ambrosia
 e - a potion of brilliance {unknown}
 h - 2 potions of curing
 m - 2 potions of magic {unknown}
 n - a potion of flight {unknown}
 p - a potion of heal wounds {unknown}
 r - a potion of attraction {unknown}
 u - a potion of resistance {unknown}
 v - a potion of mutation {unknown}


   Skills:
 + Level 5.4 Fighting
 * Level 7.6 Axes
 + Level 3.4 Armour
 - Level 2.4 Dodging


You had 5 spell levels left.
You didn't know any spells.
Your spell library contained the following spells:

 Spells                   Type           Power      Damage    Failure   Level
 Poisonous Vapours        Pois/Air       0%         N/A       89%         2
 Mephitic Cloud           Conj/Pois/Air  0%         N/A       98%         3
 Freezing Cloud           Conj/Ice/Air   0%         6-21      100%        5


Dungeon Overview and Level Annotations

Branches:
Dungeon (5/15)
 Temple: D:4-7

Altars:

Shops:
D:4 [


Message History

The adder attacks as you move away! The adder bites you.
You feel sick.
You are no longer poisoned.
You hit the phantom.
The phantom is moderately damaged.
You feel a bit more experienced.
The phantom hits you but does no damage.
You closely miss the phantom.
The phantom is moderately damaged.
The phantom closely misses you.
You barely miss the phantom.
The phantom is lightly damaged.
The phantom hits you but does no damage.
You hit the phantom.
The phantom is heavily damaged.
The phantom hits you but does no damage.
You slash the phantom!
The phantom is almost destroyed.
The phantom closely misses you.
You hit the phantom.
The phantom is almost destroyed.
The phantom hits you.
You barely miss the phantom.
The phantom is almost destroyed.
The phantom closely misses you.
You hit the phantom.
The phantom is almost destroyed.
The phantom closely misses you.
You hit the phantom but do no damage.
The phantom is almost destroyed.
The phantom barely misses you.
You hit the phantom.
You destroy the phantom!
You hit the adder.
The adder is poisoned.
The adder is heavily wounded.
The adder closely misses you. The adder bites you but does no damage.
You closely miss the adder.
The adder is heavily wounded.
The adder bites you.
You hit the adder.
The adder looks even sicker.
The adder is almost dead.
The adder bites you but does no damage.
You hit the adder.
You kill the adder!
You hit the sleepcap.
The sleepcap is moderately damaged.
The sleepcap releases spores at you.
* * * LOW HITPOINT WARNING * * *
You are engulfed in a cloud of soporific spores!
You fall asleep.
The sleepcap releases spores at you.
You wake up.
* * * LOW HITPOINT WARNING * * *
You are engulfed in a cloud of soporific spores!
You are unaffected.
You hit the sleepcap.
The sleepcap is heavily damaged.
The sleepcap releases spores at you.
* * * LOW HITPOINT WARNING * * *
You are engulfed in a cloud of soporific spores!
You are unaffected.
You hit the sleepcap.
The sleepcap is poisoned.
The sleepcap is heavily damaged.
The sleepcap releases spores at you but does no damage.
Unknown command.
You hit the sleepcap.
The sleepcap looks as sick as possible!
The sleepcap is heavily damaged.
The sleepcap barely misses you.
Unknown command.
You hit the sleepcap.
The sleepcap looks as sick as possible!
The sleepcap is severely damaged.
The sleepcap closely misses you.
Unknown command.
You slash the sleepcap!
You destroy the sleepcap!
You hit the black bear.
The black bear is poisoned.
The black bear is lightly wounded.
The black bear bites you.
* * * LOW HITPOINT WARNING * * *
The black bear claws you but does no damage.
The black bear claws you.
* * * LOW HITPOINT WARNING * * *
You hit the black bear.
The black bear looks as sick as possible!
The black bear is moderately wounded.
The black bear bites you.
* * * LOW HITPOINT WARNING * * *
The black bear barely misses you.
The black bear claws you but does no damage.
You barely miss the black bear.
The black bear is heavily wounded.
The black bear bites you.
* * * LOW HITPOINT WARNING * * *
The black bear closely misses you. The black bear claws you.
* * * LOW HITPOINT WARNING * * *
The jelly jiggles.
You barely miss the black bear.
The black bear is heavily wounded.
The black bear goes berserk!
The black bear attacks as you move away!
The black bear bites you!
You die...

#..#. ### ..... #.# ###.....
#.# #####..........
.#######.## #.....###......
......##..#####.# #.>......
.####..##.##....#####........
.# ##..........@hW..))..# .#
#...........##J....###
.####............#..##.#
.........#...............
....................##.....
.....######.......... ..:...
......## #.................
.#....... #.......##........
...#.#...#


You could see a black bear (berserk, extremely poisoned), a phantom and a jelly.

Vanquished Creatures
  A phantom (D:5)
  A scorpion (D:4)
  2 hounds (D:4)
  A sleepcap (D:5)
  5 orc wizards (D:5)
  3 adders
  2 worms (D:4)
  7 orcs
  6 endoplasms
  3 giant cockroaches
  5 goblins
  3 hobgoblins
  3 quokkas
  3 ball pythons
  5 bats
  3 frilled lizards
  8 kobolds
  5 rats
66 creatures vanquished.

Notes
Turn   | Place    | Note
-------+----------+-------------------------------------------
     0 | D:1      | Firecrotchwizard the Hill Orc Monk began the quest for the
                  | Orb.
     0 | D:1      | Reached XP level 1. HP: 19/19 MP: 1/1
   104 | D:1      | Reached XP level 2. HP: 27/27 MP: 2/2
   373 | D:1      | Reached skill level 1 in Armour
   579 | D:2      | Reached XP level 3. HP: 33/33 MP: 3/3
   666 | D:3      | Reached skill level 5 in Axes
  1476 | D:3      | Reached XP level 4. HP: 36/40 MP: 4/4
  1664 | D:4      | Found Qofuefi's Armour Shoppe.
  1838 | D:4      | Noticed a scorpion
  1846 | D:4      | Killed a scorpion
  1847 | D:4      | Reached skill level 6 in Axes
  1847 | D:4      | Reached XP level 5. HP: 35/47 MP: 5/5
  2123 | D:5      | Entered Level 5 of the Dungeon
  2151 | D:5      | Reached skill level 5 in Fighting
  2151 | D:5      | Reached XP level 6. HP: 52/56 MP: 6/6
  2158 | D:5      | Reached skill level 7 in Axes
  2224 | D:5      | Noticed a black bear
  2264 | D:5      | Mangled by a black bear

Illustrated notes

Levels and vault maps discovered:
D:1:      roderic_dead_forest, layout_rooms, serial_curves, eino_curves_04,
          eino_curves_01, solitary_fountain, minmay_misc_feat_enclosed,
          dreamdust_mushroom_princess
D:2:      layout_loops_cross, basic_altar, dk_noncrumbling_2,
          kennysheep_generic_room_9, uniq_natasha
D:3:      layout_loops_corners, nrook_campfire
D:4:      layout_rooms, serial_shops, shop, minmay_ruptured
D:5:      layout_rooms, kennysheep_generic_room_4

Skill      XL: |  1  2  3  4  5  6 |
---------------+-------------------+-----
Armour         | 1 2 3 |  3.4
Fighting       | 4 5 |  5.4
Axes           | 5 6 7 |  7.6
Dodging        | |  2.4

Action                     |  1- 3 |  4- 6 || total
---------------------------+-------+-------++-------
  Melee: Hand axe          |   128 |    89 ||   217
    Use: Scroll            |       |     3 ||     3
 Armour: Robe              |     6 |       ||     6
         Scale mail        |    43 |    36 ||    79
  Dodge: Dodged            |    53 |    44 ||    97
